Map: Мороз РВ

Players

jumanjii - Winner!

  • Race: Protoss Protoss
  • League: Master
  • Spawn Location: 1:00

YamatoSC

  • Race: Zerg Zerg
  • League: Master
  • Spawn Location: 11:00

VOD

Have the link to the VOD?

Description

Time

  • Played on: Feb. 23, 2017, 1:02 p.m.
  • Length: 7:33
Show
View Real Time Build Order
Export as new Build Order

jumanjii Protoss - Winner!

Build Orders: 1 Gate Expand, Mass Adepts 

Get SALT Encoding   

  12  0:01  Probe (Chrono Boost)  
  13  0:11  Probe (Chrono Boost)  
  14  0:21  Pylon  
  14  0:22  Probe (Chrono Boost)  
  15  0:39  Probe (Chrono Boost), Gateway  
  16  0:47  Assimilator  
  16  0:49  Probe (Chrono Boost)  
  17  1:00  Probe (Chrono Boost)  
  18  1:10  Probe (Chrono Boost)  
  19  1:22  Nexus  
  19  1:25  Probe (Chrono Boost)  
  20  1:35  Cybernetics Core  
  20  1:38  Probe (Chrono Boost)  
  21  1:45  Assimilator  
  21  1:49  Probe (Chrono Boost)  
  21  1:53  Pylon  
  22  1:59  Probe (Chrono Boost)  
  23  2:06  Warp Gate  
  23  2:07  Adept  
  23  2:13  Probe (Chrono Boost)  
  26  2:25  Probe (Chrono Boost)  
  26  2:27  Twilight Council  
  27  2:31  Adept  
  27  2:34  Probe (Chrono Boost)  
  31  2:37  Probe (Chrono Boost)  
  31  2:45  Probe (Chrono Boost)  
  31  2:49  Probe (Chrono Boost)  
  31  2:51  Resonating Glaives  
  33  2:55  Probe (Chrono Boost)  
  33  2:57  Adept  
  36  3:01  Probe (Chrono Boost)  
  37  3:07  Probe (Chrono Boost)  
  39  3:13  Probe (Chrono Boost)  
  39  3:18  Gateway  
  40  3:20  Probe (Chrono Boost), Gateway  
  40  3:24  Adept  
  40  3:25  Probe (Chrono Boost)  
  43  3:32  Probe (Chrono Boost)  
  44  3:37  Probe (Chrono Boost), Pylon  
  45  3:44  Probe (Chrono Boost)  
  45  3:45  Assimilator  
  46  3:49  Pylon, Assimilator  
  48  3:56  Probe (Chrono Boost)  
  48  3:57  Stargate, Probe (Chrono Boost)  
  48  4:01  Stargate  
  48  4:07  Probe (Chrono Boost)  
  48  4:09  Probe (Chrono Boost)  
  50  4:12  Adept  
  50  4:15  Adept  
  50  4:16  Adept  
  56  4:18  Probe (Chrono Boost)  
  56  4:21  Probe (Chrono Boost)  
  56  4:23  Pylon  
  58  4:28  Probe (Chrono Boost)  
  59  4:33  Probe (Chrono Boost)  
  60  4:40  Mothership Core (Chrono Boost)  
  60  4:43  Adept x3  
  65  4:45  Probe (Chrono Boost)  
  65  4:48  Phoenix  
  61  4:58  Probe (Chrono Boost)  
  62  5:00  Pylon  
  62  5:04  Adept  
  62  5:10  Pylon  
  62  5:13  Pylon  
  62  5:15  Phoenix x2  
  62  5:19  Pylon  
  66  5:22  Pylon, Adept  
  69  5:29  Probe (Chrono Boost)  
  69  5:31  Adept  
  69  5:34  Adept  
  73  5:37  Phoenix  
  73  5:42  Adept  
  77  5:46  Probe (Chrono Boost)  
  78  5:55  Adept x2  
  77  5:58  Probe x2 (Chrono Boost)  
  76  6:10  Probe x2 (Chrono Boost)  
  77  6:19  Phoenix  
  77  6:22  Probe (Chrono Boost)  
  81  6:28  Nexus  
  81  6:33  Probe (Chrono Boost)  
  81  6:34  Probe (Chrono Boost)  
  81  6:35  Phoenix  
  84  6:46  Probe x2 (Chrono Boost)  
  86  6:58  Probe x2 (Chrono Boost)  
  86  6:59  Phoenix  
  91  7:10  Probe (Chrono Boost)  
  91  7:11  Probe (Chrono Boost)  
  92  7:18  Adept x3  
  92  7:22  Probe (Chrono Boost)  
  100  7:23  Probe (Chrono Boost)  
Show
View Real Time Build Order
Export as new Build Order

YamatoSC Zerg 

Build Orders: Hatch First, Zergling Baneling 

Get SALT Encoding   

  12  0:01  Drone  
  13  0:13  Overlord  
  13  0:17  Drone  
  14  0:31  Drone  
  14  0:32  Drone  
  14  0:35  Drone  
  17  0:52  Hatchery  
  17  0:55  Drone  
  17  0:59  Drone  
  18  1:09  Extractor  
  17  1:14  Spawning Pool  
  17  1:17  Drone  
  17  1:20  Drone  
  18  1:29  Drone  
  19  1:52  Overlord  
  19  2:01  Queen  
  19  2:02  Zergling x2  
  19  2:04  Zergling x2  
  19  2:05  Queen  
  25  2:13  Metabolic Boost  
  25  2:15  Drone  
  25  2:16  Drone x2  
  28  2:29  Drone  
  30  2:30  Drone  
  30  2:45  Hatchery  
  30  2:50  Drone x2  
  30  2:51  Drone  
  31  2:52  Zergling x2  
  33  3:05  Drone  
  33  3:18  Baneling Nest  
  32  3:24  Overlord x3  
  32  3:41  Zergling x6  
  35  3:45  Zergling x6  
  35  3:46  Zergling x2  
  39  3:51  Zergling x12  
  45  3:57  Queen  
  47  4:03  Baneling  
  47  4:04  Baneling x4  
  47  4:10  Zergling x2  
  47  4:13  Baneling x4  
  47  4:16  Zergling x8  
  52  4:29  Zergling x6  
  52  4:30  Zergling x6  
  52  4:47  Zergling x12  
  52  4:50  Zergling x2  
  52  4:51  Zergling x2  
  52  4:52  Zergling x2  
  52  4:59  Zergling x4  
  51  5:03  Zergling x2  
  48  5:11  Zergling x4  
  48  5:12  Evolution Chamber  
  49  5:25  Drone x3  
  52  5:31  Queen  
  52  5:32  Drone x3  
  52  5:33  Drone x3  
  54  5:50  Overlord x3  
  54  5:56  Overlord  
  54  5:57  Overlord  
  53  6:01  Lair  
  44  6:14  Drone x2  
  44  6:15  Drone x2  
  44  6:16  Roach Warren  
  44  6:17  Extractor  
  44  6:23  Queen  
  46  6:37  Zergling x2  
  47  6:47  Spore Crawler x2  
  42  6:56  Roach x7  
Tags
 
Add a new tag
Caveats
  • Supply blocks, unpowered buildings, or Contaminate may cause inaccurate times.
  • Supply counts are checked every 10 seconds.